 Dungeon Crawl Stone Soup version 0.28-a0-265-g048bc9fd10 (webtiles) character file.

Game seed: 9464840264799071893

569 Spaninq the Ruffian (level 7, 0/66 HPs)
             Began as a Troll Earth Elementalist on Aug 27, 2021.
             Was an Initiate of Vehumet.
             Killed from afar by a white imp (9 damage)
             ... with a puff of frost
             ... summoned by Eustachio
             ... on level 4 of the Dungeon.
             The game lasted 00:09:10 (3104 turns).

Spaninq the Ruffian (Troll Earth Elementalist)      Turns: 3104, Time: 00:09:12

Health: 0/66       AC:  5    Str: 17      XL:     7   Next: 11%
Magic:  7/7        EV:  9    Int: 13      God:    Vehumet [......]
Gold:   125        SH:  0    Dex:  9 (10) Spells: 5/8 levels left

rFire   . . .      SeeInvis .     - Unarmed
rCold   . . .      Faith    .   (no shield)
rNeg    . . .      Spirit   .   b - +0 robe
rPois   .          Reflect  .   (helmet restricted)
rElec   .          Harm     .   e - +0 cloak
rCorr   .          Rampage  .   (gloves unavailable)
Will    .....                   (boots unavailable)
Stlth   +.........              (no amulet)
HPRegen 1.21/turn               (no ring)
MPRegen 0.10/turn               (no ring)

@: mighty
A: large, unfitting armour, claws 3, regeneration 1, shaggy fur 1, tough skin 1
a: Renounce Religion


You were on level 4 of the Dungeon.
You worshipped Vehumet.
Vehumet was noncommittal.
You visited 2 branches of the dungeon, and saw 5 of its levels.

You collected 125 gold pieces.

Inventory:

Missiles
 c - 102 stones
Armour
 b - a +0 robe (worn)
 e - a +0 cloak (worn)
Wands
 j - a wand of polymorph (5)
Scrolls
 a - 2 scrolls of enchant armour {unknown}
 d - 6 scrolls of identify {unknown}
 f - 2 scrolls of silence {unknown}
 g - 3 scrolls of teleportation {unknown}
 l - a scroll of magic mapping {unknown}
 m - a scroll of noise {unknown}
 n - a scroll of blinking {unknown}
 o - a scroll of holy word {unknown}
 q - a scroll of fear {unknown}
Potions
 h - a potion of heal wounds {unknown}
 i - a potion of attraction {unknown}
 r - a potion of lignification {unknown}
 s - a potion of degeneration {unknown}


   Skills:
 + Level 2.9 Fighting
 - Level 1.5 Dodging
 - Level 1.0 Stealth
 * Level 5.2 Unarmed Combat
 - Level 1.2 Spellcasting
 - Level 0.6 Transmutations
 + Level 4.3 Earth Magic


You had 5 spell levels left.
You knew the following spells:

 Your Spells              Type           Power      Damage    Failure   Level
a - Sandblast             Erth           24%        2d8       4%          1
b - Passwall              Tmut/Erth      5%         N/A       16%         2

Your spell library contained the following spells:

 Spells                   Type           Power      Damage    Failure   Level
 Sting                    Tmut/Pois      4%         1d3       24%         1
 Stone Arrow              Conj/Erth      12%        3d7       34%         3
 Poisonous Vapours        Pois/Air       0%         N/A       38%         2
 Petrify                  Tmut/Erth      7%         N/A       69%         4
 Cause Fear               Hex            0%         N/A       95%         4
 Olgreb's Toxic Radiance  Pois           0%         N/A       95%         4
 Dragon Form              Tmut           1%         N/A       100%        7
 Borgnjor's Revivificati  Necr           0%         N/A       100%        8
 Necromutation            Tmut/Necr      0%         N/A       100%        8
 Death's Door             Necr           0%         N/A       100%        9
 Dragon's Call            Summ           0%         N/A       100%        9


Dungeon Overview and Level Annotations

Branches:
Dungeon (4/15)             Temple (1/1) D:4

Altars:
Gozag
Makhleb
Nemelex Xobeh
Okawaru
Ru
Trog
Vehumet
Wu Jian
Yredelemnul

Shops:
D:1 :

Annotations:
D:4 Eustachio


Innate Abilities, Weirdness & Mutations

You are too large for most types of armour.
You have claws for hands.
Your natural rate of healing is unusually fast.
You are covered in fur. (AC +1)
You have tough skin. (AC +1)


Message History

The rat bites you.
You closely miss Eustachio.
Eustachio is heavily wounded.
The white imp misses you. Eustachio hits you with a +0 rapier.
The river rat bites you.
* * * LOW HITPOINT WARNING * * *
The bat barely misses you. The bat hits you but does no damage.
The rat closely misses you.
You claw Eustachio!
Eustachio is severely wounded.
The bat hits you but does no damage. The bat closely misses you. x2
The white imp hits you but does no damage.
Eustachio closely misses you. The river rat barely misses you.
The rat barely misses you.
You closely miss Eustachio.
Eustachio is severely wounded.
The bat hits you but does no damage. The bat closely misses you.
The bat hits you but does no damage. The white imp gestures at you.
The puff of frost hits you.
* * * LOW HITPOINT WARNING * * *
The bat hits you but does no damage. Eustachio hits you with a +0 rapier.
* * * LOW HITPOINT WARNING * * *
The river rat bites you!
* * * LOW HITPOINT WARNING * * *
It was a potion of curing.
You feel better.
The bat hits you but does no damage. x2; The rat bites you.
* * * LOW HITPOINT WARNING * * *
The crimson imp blinks!
The white imp hits you but does no damage.
Eustachio mumbles some strange words.
Eustachio blinks!
The river rat bites you but does no damage.
It was a potion of might.
You feel very mighty all of a sudden. The bat hits you but does no damage.
The bat barely misses you. The rat barely misses you.
The white imp gestures at you. The puff of frost hits you!
You die...

.......##
#..###.>..####......
..#.#### ##..#
#....>))....... ###.#
###...# #....####......
....#######.....# #....#
#......
.###..)..##.5.@.###....#
#......
.##..............##....#
#......
##..............5.#....#
#######
##.............§rr######
#..............@.#
#..............b5#
#............b...#
#................#
##..............##
##.....##.....##
##############


You could see Eustachio, a crimson imp (summoned), a river rat (summoned), a
white imp (summoned), a shadow imp (summoned), 2 bats and a rat (summoned).

Vanquished Creatures
  A black bear (D:4)
  An ogre (D:4)
  A phantom (D:4)
  A bullfrog (D:3)
  A jelly (D:4)
  Terence (D:3)
  An orc wizard (D:4)
  Robin (D:4)
  5 adders
  3 gnolls (D:3)
  3 worms
  2 dart slugs
  7 orcs
  11 ball pythons
  4 endoplasms
  2 giant cockroaches
  9 goblins
  10 hobgoblins
  3 quokkas
  3 bats
  5 frilled lizards
  6 kobolds
  4 rats
85 creatures vanquished.

Notes
Turn   | Place    | Note
-------+----------+-------------------------------------------
     0 | D:1      | Spaninq the Troll Earth Elementalist began the quest for
                  | the Orb.
     0 | D:1      | Reached XP level 1. HP: 16/16 MP: 1/1
   114 | D:1      | Found a faded altar of an unknown god.
   122 | D:1      | Reached skill level 1 in Unarmed Combat
   146 | D:1      | Reached XP level 2. HP: 24/26 MP: 2/2
   539 | D:1      | Found Colol's Book Boutique.
   955 | D:2      | Found a sacrificial altar of Ru.
   978 | D:2      | Reached XP level 3. HP: 32/32 MP: 3/3
  1115 | D:2      | Reached skill level 1 in Fighting
  1115 | D:2      | Reached skill level 2 in Unarmed Combat
  1322 | D:2      | Reached XP level 4. HP: 38/41 MP: 4/4
  1542 | D:2      | Learned a level 2 spell: Passwall
  1915 | D:3      | Noticed Terence
  1925 | D:3      | Killed Terence
  1926 | D:3      | Reached skill level 3 in Unarmed Combat
  2045 | D:3      | Reached XP level 5. HP: 49/49 MP: 5/5
  2702 | D:4      | Noticed Robin
  2702 | D:4      | Noticed Eustachio
  2815 | D:4      | Noticed a black bear
  2825 | D:4      | Killed a black bear
  2826 | D:4      | Reached skill level 4 in Unarmed Combat
  2826 | D:4      | Reached XP level 6. HP: 54/58 MP: 6/6
  2837 | D:4      | Killed Robin
  2915 | D:4      | Found a staircase to the Ecumenical Temple.
  2922 | Temple   | Entered the Ecumenical Temple
  2930 | Temple   | Became a worshipper of Vehumet
  3006 | D:4      | Reached skill level 5 in Unarmed Combat
  3006 | D:4      | Reached XP level 7. HP: 62/66 MP: 7/7
  3102 | D:4      | HP: 3/66 [river rat[Eustachio] (8)]
  3104 | D:4      | Killed from afar by a white imp

Illustrated notes

Levels and vault maps discovered:
D:1:      dpeg_arrival_court, layout_loops_ring, ebering_ecumenical_altar_hall,
          serial_shops, nicolae_square_shop
D:2:      layout_basic, basic_altar, serial_rivers,
          chequers_serial_rivers_room_b, chequers_serial_rivers_small_3,
          chequers_serial_rivers_small_a, chequers_serial_rivers_micro_d,
          chequers_serial_rivers_micro_c, chequers_serial_rivers_large_a
D:3:      layout_basic, hangedman_abyss_or_decor_lesser_grid, uniq_terence
D:4:      layout_rooms, minmay_temple_entry_wispy, uniq_robin, uniq_pikel,
          uniq_eustachio
Temple:   eino_temple_lava

Skill      XL: |  1  2  3  4  5  6 |
---------------+-------------------+-----
Unarmed Combat | 1 2 3 4 5 |  5.2
Earth Magic    | 3 4 |  4.3
Fighting       | 1 2 |  2.9
Dodging        | |  1.5
Stealth        | |  1.0
Spellcasting   | |  1.2
Transmutations | |  0.6

Action                   |  1- 3 |  4- 6 |  7- 9 || total
-------------------------+-------+-------+-------++-------
Melee: Unarmed           |   131 |   162 |    31 ||   324
       Punch             |     1 |     2 |       ||     3
 Cast: Sandblast         |       |     1 |       ||     1
  Use: Potion            |       |       |     2 ||     2
 Stab: Sleeping          |       |     2 |       ||     2
Armor: Robe              |    41 |    50 |    67 ||   158
       Skin              |       |     3 |       ||     3
Dodge: Dodged            |    51 |    47 |    66 ||   164

Table legend: (Time is in decaauts)
 A = Elapsed time spent in this place.
 B = Non-inter-level travel time spent in this place.
 C = Inter-level travel time spent in this place.
 D = Time resting spent in this place.
 E = Time spent auto-exploring this place.
 F = Levels seen in this place.
 G = Mean time per level.
                   A        B        C        D        E       F      G
               +--------+--------+--------+--------+--------+-----+--------+
         Total |   3103 |   2965 |    138 |     15 |   2159 |   5 |  620.6 |
       Dungeon |   3086 |   2948 |    138 |     15 |   2159 |   4 |  771.5 |
        Temple |     16 |     16 |      0 |      0 |      0 |   1 |   16.0 |
               +--------+--------+--------+--------+--------+-----+--------+

Top non-repeatable levels by time:
     D:2: 1096 daAuts
     D:3: 904 daAuts
     D:1: 775 daAuts
     D:4: 309 daAuts
  Temple: 16 daAuts
